 Dungeon Crawl Stone Soup version 0.26-a0-672-g1df16c3386 (webtiles) character file.

Game seed: 5317262765392627500

155823 grandjackal the Fighter (level 17, -1/140 HPs)
             Began as a Demonspawn Gladiator on Oct 19, 2020.
             Was the Champion of Kikubaaqudgha.
             Slain by a naga warrior
             ... wielding a +1 great mace of holy wrath
              (19 damage)
             ... on level 4 of the Snake Pit.
             The game lasted 00:55:24 (35888 turns).

grandjackal the Fighter (Demonspawn Gladiator)     Turns: 35888, Time: 00:55:25

Health: -1/140     AC: 18    Str: 20    XL:     17   Next: 9%
Magic:  0/24       EV: 15    Int: 18    God:    Kikubaaqudgha [******]
Gold:   2719       SH:  7    Dex: 17    Spells: 6/26 levels left

rFire    + . .     SeeInvis +   I - +7 long sword of Brutal Revenge {vorpal, +Rage}
rCold    + . .     Faith    .   p - +2 buckler of the Thirteen Bounties {rF+ MR+ rCorr}
rNeg     + + .     Spirit   +   J - +1 scale mail {rC+}
rPois    +         Reflect  .   (helmet unavailable)
rElec    +         Harm     .   F - scarf {+Inv}
rCorr    +         Rampage  +   L - +2 pair of gloves {Dex+3}
MR       ++...                  Z - +2 pair of boots {rampage}
Stlth    ..........             O - amulet of guardian spirit
HPRegen  3.33/turn              U - ring of poison resistance
MPRegen  0.19/turn              C - ring "Xaskuegh" {+Fly rN++ Str-2 Int+6}

@: lethally poisoned (-1 -> -1), berserk cooldown, slowed, constricted, very
slow
A: antennae 3, slimy green scales 2, clever 1, foul stench 1, powered by death
2, electricity resistance, rot immunity
a: Receive Corpses, Torment, Brand Weapon With Pain, Receive Necronomicon,
Renounce Religion, Evoke Berserk Rage, Evoke Invisibility, Evoke Flight


You were on level 4 of the Snake Pit.
You worshipped Kikubaaqudgha.
Kikubaaqudgha was exalted by your worship.
You visited 5 branches of the dungeon, and saw 28 of its levels.
You also visited: Sewer.

You collected 2853 gold pieces.
You spent 134 gold pieces at shops.

Inventory:

Hand Weapons
 I - the +7 long sword of Brutal Revenge (weapon) {vorpal, +Rage}
   (You found it on level 6 of the Lair of Beasts)

   It inflicts extra damage upon your enemies.
   It lets you go berserk.
 M - a +5 scimitar of flaming
Missiles
 d - a throwing net (quivered)
Armour
 p - the +2 buckler of the Thirteen Bounties (worn) {rF+ MR+ rCorr}
   (You acquired it on level 15 of the Dungeon)

   It protects you from fire.
   It affects your resistance to hostile enchantments.
   It provides partial protection from all sources of acid and corrosion.
 u - a +2 hat
 F - a scarf of invisibility (worn)
 J - a +1 scale mail of cold resistance (worn)
 L - a +2 pair of gloves of dexterity (worn)
 Z - a +2 pair of boots of rampaging (worn)
Jewellery
 c - an uncursed ring of protection from cold
 h - an uncursed ring of protection from fire
 y - an uncursed ring of protection from fire
 C - the ring "Xaskuegh" (right hand) {+Fly rN++ Str-2 Int+6}
   (You found it on level 14 of the Dungeon)

   [ring of flight]

   It affects your strength (-2).
   It affects your intelligence (+6).
   It greatly protects you from negative energy.
   It lets you fly.
 O - an amulet of guardian spirit (around neck)
 U - a ring of poison resistance (left hand)
 Y - a +4 ring of evasion
Wands
 a - a wand of polymorph (35)
 D - a wand of flame (144)
 G - a wand of iceblast (24)
 Q - a wand of digging (6)
 T - a wand of disintegration (21)
Scrolls
 f - 2 scrolls of fog
 g - 7 scrolls of remove curse
 i - 15 scrolls of teleportation
 l - 5 scrolls of amnesia
 n - 7 scrolls of enchant weapon
 o - a scroll of fear
 q - a scroll of random uselessness {unknown}
 s - 6 scrolls of magic mapping
 v - 2 scrolls of vulnerability
 w - 6 scrolls of blinking
 A - a scroll of immolation {unknown}
 B - a scroll of summoning
 H - a scroll of enchant armour
 R - 4 scrolls of brand weapon
Potions
 e - 7 potions of mutation
 j - 2 potions of cancellation
 k - 10 potions of curing
 m - a potion of resistance
 r - 4 potions of heal wounds
 t - 4 potions of brilliance
 x - 4 potions of lignification
 z - 5 potions of flight
 N - a potion of haste
 P - 6 potions of might
 S - 2 potions of invisibility
 V - 3 potions of stabbing
 W - 4 potions of berserk rage
 X - a potion of ambrosia
Miscellaneous
 b - a phantom mirror
 E - a phial of floods
 K - a condenser vane (2/2)


   Skills:
 + Level 14.5 Fighting
 + Level 13.6 Long Blades
 - Level 1.7 Throwing
 + Level 6.7 Armour
 - Level 12.1 Dodging
 - Level 4.2 Shields
 - Level 5.0 Spellcasting
 + Level 14.4 Necromancy
 - Level 11.0 Evocations


You had 6 spell levels left.
You knew the following spells:

 Your Spells              Type           Power        Failure   Level
a - Corpse Rot            Necr/Air       N/A          2%          2
b - Vampiric Draining     Necr           ######....   1%          3
c - Dispel Undead         Necr           ######..     1%          4
d - Agony                 Necr           ######..     2%          5
e - Death Channel         Necr           ######....   14%         6

Your spell library contained the following spells:

 Spells                   Type           Power        Failure   Level
 Animate Skeleton         Necr           ######       1%          1
 Pain                     Necr           ####         1%          1
 Sublimation of Blood     Necr           ######....   1%          2
 Animate Dead             Necr           ######....   1%          4
 Excruciating Wounds      Necr           ######....   2%          5
 Apportation              Tloc           #.....       34%         1
 Corona                   Hex            #......      34%         1
 Shock                    Conj/Air       #...         34%         1
 Summon Small Mammal      Summ           #...         34%         1
 Poisonous Vapours        Pois/Air       #.....       45%         2
 Swiftness                Air            #.......     45%         2
 Confusing Touch          Hex            #.......     71%         3
 Conjure Flame            Conj/Fire      #.......     71%         3
 Gell's Gravitas          Tloc           #.........   71%         3
 Ignite Poison            Fire/Tmut/Pois #.......     71%         3
 Mephitic Cloud           Conj/Pois/Air  #.......     71%         3
 Static Discharge         Conj/Air       #.......     71%         3
 Simulacrum               Ice/Necr       ####......   95%         6
 Airstrike                Air            #.........   98%         4
 Ice Form                 Ice/Tmut       #.......     98%         4
 Petrify                  Tmut/Erth      #.......     98%         4
 Fireball                 Conj/Fire      #.........   100%        5
 Lightning Bolt           Conj/Air       #.........   100%        5
 Metabolic Englaciation   Hex/Ice        #.........   100%        5
 Yara's Violent Unravell  Hex/Tmut       #.........   100%        5
 Freezing Cloud           Conj/Ice/Air   #.........   100%        6
 Ozocubu's Refrigeration  Ice            #.........   100%        6
 Starburst                Conj/Fire      #.........   100%        6
 Ignition                 Fire           #.........   100%        8


Dungeon Overview and Level Annotations

Branches:
Dungeon (15/15)            Temple (1/1) D:6            Lair (6/6) D:11
 Shoals (0/4) Lair:2        Snake (4/4) Lair:4        Slime (0/5) Lair:5
    Orc (2/2) D:10            Elf (0/3) Orc:2        Vaults (0/5) D:13
 Depths (0/5) D:15          Sewer (visited)

Altars:
Ashenzari
Cheibriados
Dithmenos
Elyvilon
Fedhas
Gozag
Hepliaklqana
Kikubaaqudgha
Makhleb
Nemelex Xobeh
Okawaru
Qazlal
Ru
Sif Muna
Trog
Uskayaw
Vehumet
Wu Jian
Xom
Yredelemnul
Zin
The Shining One
Beogh

Shops:
D:8 =   D:9 *   D:10 (   Orc:1 (   Orc:2 =}}[(   Snake:4 =

Portals:
Trove: D:12 (give +3 gold dragon scales)

Annotations:
D:7 exclusion: ice statue
D:8 2 transporters
D:9 3 runed translucent doors, Demosthentine's ghost, journeyman GrEE; Prince Ribbit
Lair:5 1 runed translucent door, Keohib's ghost, journeyman MiBe


Innate Abilities, Weirdness & Mutations

You have a pair of large antennae on your head. (SInv)
You are mostly covered in slimy green scales. (AC +3)
You may emit foul miasma when damaged in melee.
You regenerate health from kills.
You are immune to rotting.
Your mind is acute. (Int +2)
You are resistant to electric shocks. (rElec)


Message History

You slash the naga warrior!
The naga warrior is severely wounded.
You feel sick. The naga warrior completely misses you.
* * * LOW HITPOINT WARNING * * *
The naga warrior constricts you.
Unknown command.
You slash the naga warrior!
The naga warrior is almost dead.
You barely miss the naga warrior.
The naga warrior is almost dead.
You slash the naga warrior!
The naga warrior is almost dead.
You are no longer berserk.
You are exhausted.
You feel yourself slow down.
You feel sick.
The naga warrior hits you with a +1 great mace of holy wrath!
* * * LOW HITPOINT WARNING * * *
You convulse!!
You die...
Kikubaaqudgha rasps: "You have failed me!
Welcome... death!"

#.#.≈≈##......#....#).......
.....)........#.####........
.....##.#.....#.# #......#.
.....##....≈≈.#.. +........
..######......######......##
### #..................#
#..................#
#..........#.........
#.###'#○.@...........
.......N#)∩.#+#.....
............# .....
...≈≈§....#... .....
....≈≈....##### .§
..........# ..........#
##........≈


You could see a naga warrior (sick).

Vanquished Creatures
  Jorgrun (D:14)
  A nagaraja (Snake:1)
  An orc warlord (Orc:2)
  A stone giant (Orc:2)
  An ettin (Orc:2)
  An ettin (shapeshifter) (D:15)
  Josephine (Orc:1)
  5 naga warriors
  Harold (D:8)
  A rakshasa (D:15)
  Erolcha (D:11)
  4 anacondas
  Erica (D:10)
  14 hydras
  3 boulder beetles
  4 catoblepae (Lair:6)
  17 two-headed ogres
  3 centaur warriors
  2 dancing weapons (D:13)
  2 ogre magi (Orc:2)
  5 death yaks (Lair:6)
  Urug (D:10)
  7 shock serpents
  8 naga sharpshooters
  Sonja (Orc:2)
  Nergalle (Lair:2)
  5 sea snakes (Snake:4)
  A salamander mystic (Snake:4)
  4 skeletal warriors (D:15)
  3 naga ritualists
  2 deep trolls (Orc:2)
  3 orc knights
  A wolf spider (D:15)
  5 mana vipers
  A lindwurm (Lair:6)
  4 cyclopes
  A deep elf mage (D:14)
  2 orc sorcerers
  4 manticores
  9 ugly things
  3 salamanders
  A cyclops (shapeshifter) (D:15)
  8 naga magi
  37 black mambas
  31 elephants
  12 cane toads
  Maggie (D:8)
  2 gargoyles
  9 komodo dragons
  9 rime drakes
  An efreet (D:15)
  A freezing wraith (D:15)
  13 trolls
  3 meliai (D:13)
  2 polar bears
  Grinder (D:6)
  A hornet (D:12)
  12 slime creatures
  A blink frog (Lair:6)
  A snapping turtle (Lair:2)
  6 dream sheep (Lair:4)
  A shadow (D:11)
  A centaur simulacrum (D:15)
  2 vampires
  2 basilisks (Lair:6)
  42 yaks
  7 wraiths
  4 wyverns
  Grum (D:10)
  11 vampire mosquitoes
  2 wargs
  25 nagas
  2 acid dragons
  19 water moccasins
  Duvessa (D:6)
  A hornet zombie (D:9)
  29 orc warriors
  6 ice beasts
  6 sky beasts
  2 black bears (D:11)
  4 boggarts (D:15)
  23 ogres
  5 phantoms
  16 wolves
  17 centaurs
  A centaur (shapeshifter) (D:15)
  2 big kobolds
  Blork the orc (D:5)
  18 bullfrogs
  Dowan (D:6)
  A wyvern skeleton (D:12)
  6 scorpions
  8 killer bees
  46 wights
  4 howler monkeys
  A quasit (D:6)
  3 centaur zombies
  9 hounds
  A bullfrog zombie (D:5)
  18 orc priests
  3 bullfrog skeletons
  2 jellies
  17 orc wizards
  Jessica (D:3)
  4 centaur skeletons
  3 iguanas
  7 worker ants
  6 hell rats (Lair:2)
  2 hound zombies (D:5)
  A howler monkey zombie (D:5)
  A howler monkey skeleton (D:4)
  4 gnolls (D:8)
  20 adders
  2 shadow imps
  3 worms
  2 dart slugs
  7 leopard geckos
  120 orcs
  6 ball pythons
  4 bats
  14 giant cockroaches
  17 goblins
  13 hobgoblins
  12 jackals
  5 quokkas
  9 frilled lizards
  3 jackal skeletons
  20 kobolds
  10 rats
955 creatures vanquished.

Vanquished Creatures (collateral kills)
  Donald (Snake:3)
  A mana viper (Snake:3)
  A naga (Snake:4)
3 creatures vanquished.

Vanquished Creatures (others)
  A jackal (D:8)
  2 kobolds (D:8)
  A bush (Lair:6)
  27 fungi
  51 plants
82 creatures vanquished.

Grand Total: 1040 creatures vanquished

Notes
Turn   | Place    | Note
-------+----------+-------------------------------------------
     0 | D:1      | grandjackal the Demonspawn Gladiator began the quest for
                  | the Orb.
     0 | D:1      | Reached XP level 1. HP: 16/16 MP: 1/1
   121 | D:1      | Gained mutation: You regenerate a little health from kills.
                  | [demonic ancestry]
   121 | D:1      | Reached XP level 2. HP: 15/22 MP: 2/2
   454 | D:1      | Gained mutation: You are partially covered in slimy green
                  | scales. (AC +2) [demonic ancestry]
   454 | D:1      | Reached XP level 3. HP: 28/28 MP: 3/3
   573 | D:2      | Found a sparkling altar of Nemelex Xobeh.
   712 | D:2      | Found a basalt altar of Yredelemnul.
   750 | D:2      | You fall into a shaft and drop 1 floor!
   902 | D:3      | Noticed Jessica
   910 | D:3      | Killed Jessica
   910 | D:3      | Reached XP level 4. HP: 25/35 MP: 4/4
  1787 | D:3      | Gained mutation: You are immune to rotting. [demonic
                  | ancestry]
  1787 | D:3      | Reached XP level 5. HP: 40/41 MP: 5/5
  2896 | D:4      | Found a glowing drain.
  2915 | D:4      | Reached XP level 6. HP: 41/48 MP: 6/6
  2928 | Sewer    | Entered a sewer
  3147 | Sewer    | Got a heavily runed buckler
  3237 | Sewer    | Identified the +3 buckler of the Sky {+Fly Int+6} (You
                  | found it in a sewer)
  3626 | D:5      | Entered Level 5 of the Dungeon
  3666 | D:5      | Gained mutation: You may emit foul miasma when damaged in
                  | melee. [demonic ancestry]
  3666 | D:5      | Reached XP level 7. HP: 36/55 MP: 7/7
  3787 | D:5      | Reached skill level 1 in Shields
  3787 | D:5      | Reached skill level 1 in Evocations
  3922 | D:5      | Reached skill level 5 in Long Blades
  3922 | D:5      | Reached skill level 5 in Dodging
  4024 | D:5      | Reached skill level 5 in Fighting
  4105 | D:5      | Gained mutation: You are mostly covered in slimy green
                  | scales. (AC +3) [demonic ancestry]
  4105 | D:5      | Reached XP level 8. HP: 59/62 MP: 8/8
  4838 | D:5      | Noticed Blork the orc
  4847 | D:5      | Killed Blork the orc
  5363 | D:6      | Noticed Grinder
  5369 | D:6      | Paralysed by Grinder for 6 turns
  5376 | D:6      | Killed Grinder
  5491 | D:6      | Found a staircase to the Ecumenical Temple.
  6105 | D:6      | Gained mutation: You have a pair of small antennae on your
                  | head. [demonic ancestry]
  6105 | D:6      | Reached XP level 9. HP: 68/69 MP: 9/9
  6253 | D:6      | Noticed Duvessa
  6253 | D:6      | Noticed Dowan
  6267 | D:6      | Gained mutation: Your mind is acute. (Int +2) [potion of
                  | mutation]
  6267 | D:6      | Gained mutation: You are resistant to electric shocks.
                  | (rElec) [potion of mutation]
  6279 | D:6      | Killed Duvessa
  6284 | D:6      | Killed Dowan
  6644 | Temple   | Entered the Ecumenical Temple
  6800 | Temple   | Became a worshipper of Kikubaaqudgha
  6854 | D:7      | Noticed a +0 dagger
  7137 | D:7      | Reached skill level 1 in Necromancy
  7204 | D:7      | Noticed a +0 hand axe
  7418 | D:7      | Found a hide-covered altar of Uskayaw.
  7672 | D:7      | Noticed an ice statue
  8017 | D:8      | Reached * piety under Kikubaaqudgha
  8017 | D:8      | Identified Kikubaaqudgha's Papyrus of Evil Arts
                  | (Kikubaaqudgha gifted it to you on level 8 of the Dungeon)
  8017 | D:8      | Received a gift from Kikubaaqudgha
  8026 | D:8      | Learned a level 2 spell: Corpse Rot
  8030 | D:8      | Learned a level 3 spell: Vampiric Draining
  8381 | D:8      | Found a transporter.
  8384 | D:8      | Noticed a kobold demonologist
  8396 | D:8      | Noticed Harold
  8425 | D:8      | Killed Harold
  8425 | D:8      | Reached skill level 5 in Evocations
  8425 | D:8      | Reached XP level 10. HP: 61/79 MP: 10/10
  8502 | D:8      | Found a transporter.
  8665 | D:8      | Noticed Maggie
  8675 | D:8      | Killed Maggie
  8699 | D:8      | Noticed Maurice
  8701 | D:8      | Noticed a four-headed hydra
  8705 | D:8      | Found Koerim's Jewellery Boutique.
  8707 | D:8      | Reached ** piety under Kikubaaqudgha
  8711 | D:8      | Killed a two-headed hydra
  8714 | D:8      | Noticed Maurice
  8720 | D:8      | Killed Maurice the wolf
  8773 | D:8      | Bought a cursed amulet of inaccuracy for 32 gold pieces
  9081 | D:9      | Noticed a two-headed ogre
  9082 | D:9      | Found Wizxan's Assorted Antiques.
  9091 | D:9      | Killed a two-headed ogre
  9113 | D:9      | Reached skill level 5 in Necromancy
  9116 | D:9      | Found a runed translucent gate.
  9116 | D:9      | Found a runed translucent gate.
  9726 | D:9      | Reached *** piety under Kikubaaqudgha
  9726 | D:9      | Identified Kikubaaqudgha's Reference Book on Black Rituals
                  | (Kikubaaqudgha gifted it to you on level 9 of the Dungeon)
  9726 | D:9      | Received a gift from Kikubaaqudgha
  9775 | D:9      | Learned a level 4 spell: Dispel Undead
  9862 | D:9      | Found a roughly hewn altar of Beogh.
 10160 | D:9      | Bought a scroll labeled WARIFA NUIL for 34 gold pieces
 10160 | D:9      | Bought a scroll labeled ZALURADYESE for 34 gold pieces
 10160 | D:9      | Bought a scroll labeled BOKUMAITAHY for 34 gold pieces
 10190 | D:9      | Found a runed translucent gate.
 10193 | D:9      | Noticed Demosthentine's ghost (journeyman GrEE)
 10265 | D:9      | Found a glowing golden altar of the Shining One.
 10265 | D:9      | Found a faded altar of an unknown god.
 10270 | D:9      | Found a radiant altar of Vehumet.
 10272 | D:9      | Found a faded altar of an unknown god.
 10274 | D:9      | Found an ornate altar of the Wu Jian Council.
 10468 | D:9      | Noticed Prince Ribbit
 10856 | D:9      | Gained mutation: You regenerate health from kills. [demonic
                  | ancestry]
 10856 | D:9      | Reached XP level 11. HP: 85/86 MP: 11/11
 10960 | D:10     | Entered Level 10 of the Dungeon
 11003 | D:10     | Noticed Erica
 11033 | D:10     | Killed Erica
 11033 | D:10     | Reached skill level 1 in Spellcasting
 11063 | D:9      | Reached **** piety under Kikubaaqudgha
 11126 | D:10     | Found a staircase to the Orcish Mines.
 11270 | D:10     | Noticed Grum
 11291 | D:10     | Killed Grum
 11316 | D:10     | Found Owunam's Antique Weapon Emporium.
 11386 | D:10     | Noticed Urug
 11401 | D:10     | Killed Urug
 11621 | D:10     | You fall into a shaft and drop 1 floor!
 11781 | D:10     | Found a bloodstained altar of Trog.
 12422 | D:11     | Found a staircase to the Lair.
 12426 | D:11     | Noticed a red ugly thing
 12460 | D:11     | Killed a red ugly thing
 12509 | D:11     | Reached ***** piety under Kikubaaqudgha
 12741 | D:11     | Noticed Erolcha
 12749 | D:11     | Killed Erolcha
 13052 | D:12     | Noticed a centaur warrior
 13058 | D:12     | Killed a centaur warrior
 13110 | D:12     | Noticed a two-headed ogre
 13122 | D:12     | Killed a two-headed ogre
 13122 | D:12     | Reached XP level 12. HP: 19/96 MP: 17/17
 13332 | D:12     | Noticed a boulder beetle
 13372 | D:12     | Noticed a two-headed ogre
 13381 | D:12     | Killed a two-headed ogre
 13411 | D:12     | Killed a boulder beetle
 13617 | D:12     | Reached ****** piety under Kikubaaqudgha
 13761 | D:12     | Found a portal to a secret trove of treasure.
 13875 | D:12     | Reached skill level 10 in Fighting
 14165 | Orc:1    | Entered Level 1 of the Orcish Mines
 14268 | D:10     | Reached skill level 5 in Spellcasting
 14475 | Orc:1    | Found Rynes's Weapon Shop.
 14501 | Orc:1    | Noticed Josephine
 14514 | Orc:1    | Killed Josephine
 15103 | Orc:2    | Entered Level 2 of the Orcish Mines
 15106 | Orc:2    | Noticed Sonja
 15131 | Orc:2    | Killed Sonja
 15161 | Orc:2    | Noticed a stone giant
 15172 | Orc:2    | Killed a stone giant
 15259 | Orc:2    | Noticed an orc warlord
 15263 | Orc:2    | Reached XP level 13. HP: 40/104 MP: 20/20
 15582 | Orc:2    | Killed an orc warlord
 15582 | Orc:2    | Reached skill level 10 in Long Blades
 15582 | Orc:2    | Reached skill level 10 in Dodging
 15941 | Orc:2    | Noticed an ettin
 15949 | Orc:2    | Killed an ettin
 16210 | Orc:2    | Found Effeoz's Weapon Emporium.
 16291 | Orc:2    | Reached skill level 10 in Necromancy
 16354 | Orc:2    | Found Ledido's Gadget Shop.
 16356 | Orc:2    | Found Xoemm's Jewellery Shop.
 16372 | Orc:2    | Found Seer's Gadget Emporium.
 16522 | Orc:2    | Found Duiden's Antique Armour Boutique.
 16575 | Orc:2    | Found a staircase to the Elven Halls.
 16842 | Lair:1   | Entered Level 1 of the Lair of Beasts
 17142 | Lair:1   | Reached XP level 14. HP: 90/113 MP: 16/21
 17905 | Lair:2   | Noticed Nergalle
 17918 | Lair:2   | Killed Nergalle
 18723 | Lair:2   | Found a staircase to the Shoals.
 20491 | Lair:4   | Found a staircase to the Snake Pit.
 21013 | Lair:5   | Reached skill level 10 in Evocations
 21183 | Lair:5   | Found a staircase to the Slime Pits.
 21321 | Lair:5   | Found a runed translucent door.
 21324 | Lair:5   | Noticed Keohib's ghost (journeyman MiBe)
 21324 | Lair:5   | Identified the cursed +3 trident of Capital Punishment
                  | {antimagic, rC+ Int+3}
 21876 | Lair:6   | Entered Level 6 of the Lair of Beasts
 22102 | Lair:6   | Reached XP level 15. HP: 116/122 MP: 20/22
 24361 | Lair:6   | Got an iridescent long sword
 24362 | Lair:6   | Identified the +7 long sword of Brutal Revenge {vorpal,
                  | +Rage} (You found it on level 6 of the Lair of Beasts)
 24941 | D:13     | Found a sparkling altar of Nemelex Xobeh.
 25005 | D:13     | Found a gate to the Vaults.
 25016 | D:13     | Reached skill level 1 in Armour
 25699 | D:14     | Noticed Jorgrun
 25709 | D:14     | Killed Jorgrun
 25768 | D:14     | Got a faintly glowing amber ring
 25784 | D:14     | Identified the ring "Xaskuegh" {+Fly rN++ Str-2 Int+6} (You
                  | found it on level 14 of the Dungeon)
 25785 | D:14     | Found a sparkling altar of Nemelex Xobeh.
 25825 | D:14     | Learned a level 5 spell: Agony
 25832 | D:14     | Learned a level 6 spell: Death Channel
 26351 | D:14     | Got a distressingly furry plate armour
 26445 | D:14     | Identified the +1 plate armour of the Kettle-Drum {MP+9}
                  | (You found it on level 14 of the Dungeon)
 26808 | D:15     | Entered Level 15 of the Dungeon
 27370 | D:15     | Gained mutation: You have a pair of antennae on your head.
                  | [demonic ancestry]
 27370 | D:15     | Reached XP level 16. HP: 95/131 MP: 15/23
 28396 | D:15     | Found a staircase to the Depths.
 28904 | D:15     | Acquired the +2 buckler of the Thirteen Bounties {rF+ MR+
                  | rCorr}
 29077 | Snake:1  | Entered Level 1 of the Snake Pit
 30861 | Snake:1  | Reached skill level 5 in Armour
 33670 | Snake:3  | Noticed Donald
 33680 | Snake:3  | Killed Donald
 34944 | Snake:4  | Entered Level 4 of the Snake Pit
 35473 | Snake:4  | Gained mutation: You have a pair of large antennae on your
                  | head. (SInv) [demonic ancestry]
 35473 | Snake:4  | Reached XP level 17. HP: 128/140 MP: 13/24
 35846 | Snake:4  | Found Ityl's Jewellery Shop.
 35888 | Snake:4  | Slain by a naga warrior

Illustrated notes

Levels and vault maps discovered:
D:1:      psy_arrival_whirlpool, layout_rooms
D:2:      kb_forest_paths, layout_basic,
          chequers_temple_overflow_statue_of_worship
D:3:      layout_basic, uniq_jessica
D:4:      layout_loops_ring, gup_sewer_entry_glass
D:5:      layout_basic, serial_bayou_ford_a, uniq_blork_the_orc
D:6:      layout_gridville, minmay_temple_entry_drinking_statues, uniq_duvessa,
          uniq_grinder
D:7:      statuecave_lemuel, layout_rooms, dancing_weapons_uskayaw
D:8:      gammafunk_wand_slinger, layout_rooms, serial_shops, shop,
          st_stairs_13, uniq_maggie, uniq_harold, uniq_maurice
D:9:      layout_small_grid, chequers_temple_overflow_minitemple, serial_shops,
          shop_fountains, special_room [special_room_orc],
          gammafunk_ghost_spectres, uniq_prince_ribbit1
D:10:     layout_roguey, erik_orc_4, basic_altar, serial_shops,
          nicolae_shop_waterfront, uniq_grum, uniq_urug, uniq_erica
D:11:     layout_long_grid, david_lair_generic, uniq_erolcha
D:12:     layout_rooms, trove_entry_hex_spiral, minmay_mirror_moons_of_madness
D:13:     layout_loops_cross, erik_vaults_1, basic_altar
D:14:     layout_roguey, basic_altar, minmay_misc_feat_more_columns,
          uniq_jorgrun
D:15:     gammafunk_enter_depths_forms, layout_loops_ring
Temple:   nicolae_temple_elliptical
Lair:1:   layout_gridlike, grunt_megastairs_1
Lair:2:   layout_loops_ring, minmay_shoals_entry_hut,
          infiniplex_staircase_pool_2, uniq_nergalle
Lair:3:   layout_cave_pods, st_stairs_4
Lair:4:   layout_long_grid, dummy_snake_entry, chequers_serial_rivers_room_b,
          grunt_megastairs_2
Lair:5:   beast_lair_carwin_large_1, layout_loops_ring, dpeg_slime_entry_corner,
          ebering_ghost_funeral_grove, serial_bayou_pond_d,
          small_statue_intersection, minivault_11, lemuel_fruit_tree
Lair:6:   hangedman_lair_in_review, layout_cellular_growth
Snake:1:  cheibrodos_snake_ritualist_ritual, layout_chambers
Snake:2:  layout_grid_maze
Snake:3:  layout_rooms, serial_bayou_shore_b, grunt_megastairs_3, uniq_donald
Snake:4:  minmay_snake_end_coiled, layout_basic, serial_shops,
          nicolae_shop_stone, uniq_aizul
Orc:1:    cheibrodos_orc_bank, layout_diamond_mine, serial_shops,
          shop_fountains, nicolae_orc_damp_corner, uniq_josephine
Orc:2:    st_orc_open, layout_diamond_mine, serial_shops, shop,
          statue_in_the_mist_lemuel, uniq_sonja

Skill      XL: |  1  2  3  4  5  6  7  8  9 10 11 12 13 14 15 16 |
---------------+-------------------------------------------------+-----
Long Blades    | 3 4 5 6 7 9 10 11 12 13 | 13.6
Dodging        | 3 4 5 6 7 8 9 10 11 12 | 12.1
Fighting       | 3 4 5 6 7 8 9 10 11 12 13 14 | 14.5
Shields        | 2 3 4 |  4.2
Evocations     | 2 3 5 6 7 8 10 11 | 11.0
Necromancy     | 3 5 7 9 10 11 13 14 | 14.4
Spellcasting   | 3 5 |  5.0
Armour         | 3 6 |  6.7
Throwing       | |  1.7

Action                   |  1- 3 |  4- 6 |  7- 9 | 10-12 | 13-15 | 16-18 || total
-------------------------+-------+-------+-------+-------+-------+-------++-------
Melee: Long sword        |    94 |   268 |   446 |   296 |   320 |   803 ||  2227
       Scimitar          |       |       |       |   528 |  1040 |       ||  1568
Throw: Throwing net      |       |       |       |     2 |     2 |       ||     4
 Cast: Corpse Rot        |       |       |       |     1 |     1 |       ||     2
       Dispel Undead     |       |       |       |       |     4 |       ||     4
       Agony             |       |       |       |       |       |    19 ||    19
       Vampiric Draining |       |       |       |       |       |     1 ||     1
       Death Channel     |       |       |       |       |       |     1 ||     1
Invok: Receive Corpses   |       |       |       |       |     3 |       ||     3
       Torment           |       |       |       |       |     1 |       ||     1
 Abil: Evoke Invisibilit |       |       |     2 |     3 |     1 |     2 ||     8
       Evoke Flight      |       |       |     2 |       |       |       ||     2
       Evoke Berserk Rag |       |       |       |       |     1 |     3 ||     4
Evoke: Wand              |       |       |    12 |    18 |    16 |     3 ||    49
       Phantom mirror    |       |       |       |       |       |     1 ||     1
       Condenser vane    |       |       |       |       |       |     1 ||     1
  Use: Scroll            |       |       |     8 |     8 |    15 |     5 ||    36
       Potion            |       |       |     1 |     2 |     1 |     1 ||     5
 Stab: Sleeping          |     1 |     1 |       |       |       |       ||     2
       Invisible         |       |       |     2 |    12 |       |    12 ||    26
       Paralysed         |       |       |     2 |     5 |       |       ||     7
       Held in net/web   |       |       |       |     2 |     1 |       ||     3
       Petrified         |       |       |       |       |    22 |       ||    22
       Petrifying        |       |       |       |       |     1 |       ||     1
       Distracted        |       |       |       |       |       |     2 ||     2
Armor: Leather armour    |    37 |   127 |    66 |       |       |       ||   230
       Scale mail        |       |       |   100 |   271 |   345 |   213 ||   929
Dodge: Dodged            |    85 |   255 |   242 |   563 |  1031 |   429 ||  2605
Block: Buckler           |       |     4 |   185 |   377 |   601 |   248 ||  1415
       Rpst.: Long sword |    27 |    77 |    69 |    85 |    33 |   101 ||   392
       Scimitar          |       |       |       |    82 |   198 |       ||   280

Table legend: (Time is in decaauts)
 A = Elapsed time spent in this place.
 B = Non-inter-level travel time spent in this place.
 C = Inter-level travel time spent in this place.
 D = Time resting spent in this place.
 E = Time spent auto-exploring this place.
 F = Levels seen in this place.
 G = Mean time per level.
                   A        B        C        D        E       F      G
               +--------+--------+--------+--------+--------+-----+--------+
         Total |  35694 |  34345 |   1349 |   9428 |  17657 |  29 | 1230.8 |
       Dungeon |  18313 |  17433 |    880 |   4267 |   8979 |  15 | 1220.9 |
        Temple |    191 |    156 |     35 |      0 |    121 |   1 |  191.0 |
          Lair |   8064 |   7802 |    262 |   1530 |   5070 |   6 | 1344.0 |
     Snake Pit |   6298 |   6198 |    100 |   2589 |   2722 |   4 | 1574.5 |
  Orcish Mines |   2460 |   2390 |     70 |    964 |    756 |   2 | 1230.0 |
         Sewer |    365 |    365 |      0 |     78 |      8 |   1 |  365.0 |
               +--------+--------+--------+--------+--------+-----+--------+

Top non-repeatable levels by time:
  Lair:6: 2600 daAuts
 Snake:3: 2022 daAuts
 Snake:2: 1862 daAuts
 Snake:1: 1816 daAuts
     D:6: 1761 daAuts
    D:14: 1715 daAuts
     D:8: 1549 daAuts
     D:9: 1501 daAuts
    D:15: 1494 daAuts
   Orc:1: 1407 daAuts
     D:5: 1400 daAuts
  Lair:4: 1388 daAuts
  Lair:1: 1242 daAuts
    D:10: 1178 daAuts
    D:11: 1145 daAuts
